Map: Efemeron LE

Players

dsSTORM

  • Race: Protoss Protoss
  • League: Silver
  • Spawn Location: 11:00

Martin - Winner!

  • Race: Terran Terran
  • Spawn Location: 5:00

VOD

Have the link to the VOD?

Description

Time

  • Played on: Oct. 12, 2019, 3:07 p.m.
  • Length: 3:30
Show
View Real Time Build Order
Export as new Build Order

dsSTORM Protoss 

Build Orders:  

Get SALT Encoding   

  12  0:02  Probe  
  14  0:14  Probe  
  14  0:22  Pylon  
  14  0:34  Assimilator  
  14  0:36  Probe  
  14  0:38  Assimilator  
  15  0:48  Probe  
  16  0:55  Gateway  
  16  1:05  Pylon  
  16  1:14  Probe (Chrono Boost)  
  17  1:24  Probe (Chrono Boost)  
  18  1:29  Probe (Chrono Boost)  
  19  1:36  Forge  
  19  1:46  Cybernetics Core  
  19  1:56  Zealot (Chrono Boost)  
  21  2:17  Probe  
  23  2:30  Probe  
  23  2:42  Pylon  
  23  2:55  Gateway  
Show
View Real Time Build Order
Export as new Build Order

Martin Terran - Winner!

Build Orders:  

Get SALT Encoding   

  12  0:13  Supply Depot  
  12  0:40  Barracks  
  12  0:45  Barracks  
  12  0:49  SCV  
  13  1:01  SCV  
  14  1:07  Supply Depot  
  14  1:14  SCV  
  15  1:22  Refinery  
  15  1:26  SCV  
  16  1:54  Marine  
  16  1:55  Marine  
  17  2:12  Marine  
  17  2:13  Marine  
  19  2:30  Marine  
  19  2:31  Marine  
  21  2:40  SCV  
  21  2:48  Marine  
  21  2:49  Marine  
  23  2:52  SCV  
  24  3:05  Marine  
  24  3:06  Marine  
  24  3:10  Factory  
  25  3:15  Supply Depot  
  25  3:17  Refinery, SCV  
Tags
 
League
Silver
Matchup
PvT
Spawn Locations
Cross Positions
Add a new tag
Caveats
  • Supply blocks, unpowered buildings, or Contaminate may cause inaccurate times.
  • Supply counts are checked every 10 seconds.